 Dungeon Crawl Stone Soup version 0.23-a0-378-gd7a6ca6 (webtiles) character file.

295 MTVSty1e the Chopper (level 6, -3/56 HPs)
             Began as a Minotaur Fighter on Oct 27, 2018.
             Splashed by a jelly's acid (9 damage)
             ... while paralysed by Grinder
             ... on level 5 of the Dungeon.
             The game lasted 00:03:59 (3217 turns).

MTVSty1e the Chopper (Minotaur Fighter)             Turns: 3217, Time: 00:04:00

Health: -3/56      AC:  2    Str: 22    XL:     6   Next: 11%
Magic:  5/5        EV:  2    Int:  5    God:
Gold:   249        SH:  0    Dex: 10    Spells: 5/5 levels left

rFire    . . .     SeeInvis .   a - +0 war axe
rCold    . . .     Gourm    .   c - +0 shield
rNeg     . . .     Faith    .   b - +0 scale mail
rPois    .         Spirit   .   (helmet restricted)
rElec    .         Reflect  .   (no cloak)
rCorr    .         Harm     .   (no gloves)
MR       .....                  (no boots)
Stlth    ..........             (no amulet)
HPRegen  0.18/turn              (no ring)
MPRegen  0.09/turn              (no ring)

@: paralysed, corroded
A: retaliatory headbutt, horns 2
a: no special abilities


You were on level 5 of the Dungeon.
You were not hungry.

You visited 1 branch of the dungeon, and saw 5 of its levels.

You collected 249 gold pieces.

Inventory:

Hand Weapons
 a - a +0 war axe (weapon)
Armour
 b - a +0 scale mail (worn)
 c - a +0 shield (worn)
Jewellery
 v - an uncursed ring of poison resistance {unknown}
 y - the ring "Ecrunwell" {+Blink +Fly rPois Int+2, unknown}
   (You found it on level 4 of the Dungeon)

   [ring of flight]

   It affects your intelligence (+2).
   It protects you from poison.
   It lets you fly.
   It lets you blink.
Wands
 w - a wand of flame (29)
 x - a wand of polymorph (17)
Scrolls
 e - 5 scrolls of teleportation {unknown}
 g - 9 scrolls of identify {unknown}
 h - 4 scrolls of fear {unknown}
 i - 2 scrolls of amnesia {unknown}
 k - 3 scrolls of fog {unknown}
 l - 2 scrolls of random uselessness {unknown}
 o - a scroll of enchant weapon {unknown}
 q - a scroll of magic mapping {unknown}
 r - 4 scrolls of remove curse {unknown}
Potions
 d - 3 potions of might
 j - 2 potions of curing
 m - 3 potions of berserk rage {unknown}
 n - a potion of degeneration {unknown}
 p - a potion of cancellation {unknown}
 s - 3 potions of agility {unknown}
 t - a potion of haste {unknown}
 u - a potion of heal wounds {unknown}
 z - 2 potions of mutation {unknown}
 A - a potion of flight {unknown}
Comestibles
 f - 7 rations


   Skills:
 + Level 5.5 Fighting
 * Level 6.5 Axes
 - Level 3.6 Armour
 - Level 3.6 Shields


You had 5 spell levels left.
You didn't know any spells.
Your spell library was empty.

Dungeon Overview and Level Annotations

Branches:
Dungeon (5/15)
 Temple: D:4-7

Altars:
Nemelex Xobeh
Uskayaw

Shops:
D:4 *

Annotations:
D:4 1 runed door, feelmyfire's ghost, amateur OpTm
D:5 Grinder


Innate Abilities, Weirdness & Mutations

You reflexively headbutt those who attack you in melee.
You have a pair of horns on your head.


Message History

You closely miss Grinder.
Grinder is severely wounded.
Grinder gestures at you.
You barely resist. You closely miss Grinder.
Grinder is severely wounded.
Grinder gestures at you.
You suddenly lose the ability to move!
Grinder grins, showing sharp teeth.
Grinder gestures at you.
You shrug off the repeated paralysis!
Grinder hits you but does no damage. The jelly hits you.
* * * LOW HITPOINT WARNING * * *
You are splashed with acid!
The acid burns!
* * * LOW HITPOINT WARNING * * *
Grinder gestures at you.
You shrug off the repeated paralysis!
The jelly hits you.
* * * LOW HITPOINT WARNING * * *
The acid corrodes you!
You are splashed with acid!
The acid burns!
You die...

#. #. #. #.#
##.## #.#
##⌠.⌠###.#
####.._5.##.#
.....⌠.J@##.#
#####...##.#
##.###.#
##....#### #
#.......# .
#######.# #
#.# # .. #.#
# ..# #.#


You could see Grinder and a jelly.

Vanquished Creatures
  Blork the orc (D:5)
  An orc wizard (D:4)
  2 worker ants
  A howler monkey zombie (D:5)
  3 adders
  4 worms
  3 dart slugs
  8 leopard geckos
  8 orcs
  3 ball pythons
  13 bats
  4 giant cockroaches
  7 goblins
  12 hobgoblins
  9 kobolds
  2 quokkas
  4 frilled lizards
  4 rats
89 creatures vanquished.

Notes
Turn   | Place    | Note
-------+----------+-------------------------------------------
     0 | D:1      | MTVSty1e the Minotaur Fighter began the quest for the Orb.
     0 | D:1      | Reached XP level 1. HP: 19/19 MP: 0/0
    29 | D:1      | Reached skill level 3 in Axes
   161 | D:1      | Reached XP level 2. HP: 27/27 MP: 1/1
   804 | D:2      | Reached XP level 3. HP: 31/33 MP: 2/2
   856 | D:2      | Reached skill level 4 in Axes
  1375 | D:2      | Found a hide-covered altar of Uskayaw.
  1379 | D:2      | Reached XP level 4. HP: 41/41 MP: 3/3
  1596 | D:3      | Reached skill level 5 in Axes
  2477 | D:4      | Reached skill level 5 in Fighting
  2477 | D:4      | Reached XP level 5. HP: 48/48 MP: 4/4
  2509 | D:4      | Found a runed door.
  2536 | D:4      | Found Zuept's Assorted Antiques.
  2651 | D:4      | Got an ancient silver ring
  2889 | D:4      | Noticed feelmyfire's ghost (amateur OpTm)
  2937 | D:5      | Entered Level 5 of the Dungeon
  3007 | D:5      | Noticed Blork the orc
  3016 | D:5      | Killed Blork the orc
  3016 | D:5      | Reached skill level 6 in Axes
  3129 | D:5      | Reached XP level 6. HP: 56/56 MP: 5/5
  3196 | D:5      | Noticed Grinder
  3204 | D:5      | Found a sparkling altar of Nemelex Xobeh.
  3215 | D:5      | Paralysed by Grinder for 5 turns
  3217 | D:5      | Splashed by a jelly's acid

Vault maps used:
D:1:      nzn_arrival_crosshair
D:2:      eat_drink_and_be_merry_uskayaw
D:3:      minmay_misc_feat_tower
D:4:      first_ration, ebering_ghost_reflecting_pool, serial_shops, shop
D:5:      nemelex_xobeh_ov_fountains_minmay, temple_doors_e, serial_shops,
          nicolae_shop_waterfront, uniq_grinder, uniq_blork_the_orc

Skill      XL: |  1  2  3  4  5 |
---------------+----------------+-----
Axes           | 3 4 5 6 |  6.5
Fighting       | 4 5 |  5.5
Armour         | |  3.6
Shields        | |  3.6

Action                   |  1- 3 |  4- 6 || total
-------------------------+-------+-------++-------
Melee: War axe           |   116 |   106 ||   222
       Headbutt          |    15 |    22 ||    37
  Eat: Ration            |     1 |     1 ||     2
       Chunk             |       |     2 ||     2
Armor: Scale mail        |    49 |    38 ||    87
Dodge: Dodged            |    43 |    27 ||    70
Block: Shield            |    51 |    53 ||   104

Table legend:
 A = Non-vault XP
 B = Vault XP
 C = Vault XP percentage of total XP
 D = Non-vault monster count
 E = Vault monster count
 F = Vault count percentage of total count
                 A         B        C        D         E       F
            +---------+---------+-------+---------+---------+-------
      Total |     332 |      90 |  21.3 |      88 |       1 |   1.1
            +---------+---------+-------+---------+---------+-------
        D:1 |      40 |       0 |   0.0 |      23 |       0 |   0.0
        D:2 |      62 |       0 |   0.0 |      26 |       0 |   0.0
        D:3 |      85 |       0 |   0.0 |      28 |       0 |   0.0
        D:4 |      94 |       0 |   0.0 |       8 |       0 |   0.0
        D:5 |      51 |      90 |  63.8 |       3 |       1 |  25.0
            +---------+---------+-------+---------+---------+-------
